 Dungeon Crawl Stone Soup version 0.25-a0-403-g49d089a364 (webtiles) character file.

Game seed: 14984783134815740253, levelgen mode: deterministic

26 ReteAZ the Cudgeler (level 3, -1/21 HPs)
             Began as a Gargoyle Gladiator on Jan 9, 2020.
             Slain by a kobold
             ... wielding a +0 club
              (4 damage)
             ... on level 1 of the Dungeon.
             The game lasted 00:02:18 (495 turns).

ReteAZ the Cudgeler (Gargoyle Gladiator)             Turns: 495, Time: 00:02:19

Health: -1/21      AC:  4    Str: 18    XL:     3   Next: 8%
Magic:  3/3        EV: 12    Int:  8    God:
Gold:   54         SH:  0    Dex: 11    Spells: 2/2 levels left

rFire    . . .     SeeInvis .   a - +0 flail
rCold    . . .     Gourm    .   (no shield)
rNeg     + . .     Faith    .   (no armour)
rPois    ∞         Spirit   .   c - +0 helmet
rElec    +         Reflect  .   (no cloak)
rCorr    .         Harm     .   (no gloves)
MR       .....                  (no boots)
Stlth    +.........             (no amulet)
HPRegen  0.07/turn              (no ring)
MPRegen  0.08/turn              (no ring)

@: no status effects
A: negative energy resistance 1, electricity resistance, unbreathing,
petrification resistance, rot immunity, AC +3
a: no special abilities


You were on level 1 of the Dungeon.
You were not hungry.

You visited 1 branch of the dungeon, and saw 1 of its levels.

You collected 54 gold pieces.

Inventory:

Hand Weapons
 a - a +0 flail (weapon)
Missiles
 d - 3 throwing nets (quivered)
Armour
 b - a +0 leather armour
 c - a +0 helmet (worn)
Scrolls
 h - a scroll of identify {unknown}
 j - a scroll of enchant armour {unknown}
 m - a scroll of enchant weapon {unknown}
Potions
 e - a potion of agility {unknown}
 i - a potion of curing {unknown}
 k - 2 potions of flight {unknown}
 l - a potion of lignification {unknown}
Comestibles
 f - 3 rations


   Skills:
 - Level 2.1 Fighting
 * Level 3.5 Maces & Flails
 - Level 2.0 Throwing
 + Level 1.1 Armour
 + Level 2.6 Dodging


You had 2 spell levels left.
You didn't know any spells.
Your spell library was empty.

Dungeon Overview and Level Annotations

Branches:
Dungeon (1/15)

Altars:


Innate Abilities, Weirdness & Mutations

You are resistant to torment.
Your stone body is resilient. (AC +3)
You are immune to poison.
You resist negative energy. (rN+)
You are resistant to electric shocks. (rElec)
You can survive without breathing.
You are immune to petrification.
You are immune to rotting.


Message History

The kobold misses you.
All of the chunks of flesh in your inventory have rotted away.
The kobold misses you. The kobold barely misses you. The kobold misses you.
The kobold barely misses you. The kobold completely misses you.
The kobold hits you but does no damage. The kobold closely misses you.
The kobold completely misses you. The kobold closely misses you.
The kobold barely misses you. The kobold barely misses you.
The kobold closely misses you. The kobold hits you with a +0 club.
* * * LOW HITPOINT WARNING * * *
The kobold barely misses you. The kobold hits you but does no damage.
The kobold hits you with a +0 club.
You die...

### ##.##.# #..#P≈♣ ..#
##..##.# #..#PP♣ #.#
##...##.#####...≈♣♣
##....##........≈≈≈♣
##......#####.#.#P≈≈♣♣
#.....<.....+.#.P≈≈≈≈♣≈
##......#######....≈≈≈≈P
##..^.########.###.≈PP.
##...#.....K@.# .####
##..#............#
##.#.############ #+#


You could see a kobold.

Vanquished Creatures
  A dart slug (D:1)
  A leopard gecko (D:1)
  A giant cockroach (D:1)
  7 goblins (D:1)
  3 hobgoblins (D:1)
  4 bats (D:1)
  2 frilled lizards (D:1)
  3 rats (D:1)
22 creatures vanquished.

Notes
Turn   | Place    | Note
-------+----------+-------------------------------------------
     0 | D:1      | ReteAZ the Gargoyle Gladiator began the quest for the Orb.
     0 | D:1      | Reached XP level 1. HP: 12/12 MP: 1/1
    94 | D:1      | Reached XP level 2. HP: 17/17 MP: 2/2
   236 | D:1      | Reached skill level 1 in Armour
   252 | D:1      | Reached XP level 3. HP: 18/21 MP: 3/3
   495 | D:1      | Slain by a kobold

Levels and vault maps discovered:
D:1:      mrwooster_arrival_arrow, layout_basic, serial_bayou_pond_c

Skill      XL: |  1  2 |
---------------+-------+-----
Throwing       | 2 |  2.0
Armour         | 1 |  1.1
Fighting       | |  2.1
Maces & Flails | |  3.5
Dodging        | |  2.6

Action                   || total
-------------------------++-------
Melee: Flail             ||    58
Armor: Leather armour    ||    57
       Skin              ||    19
Dodge: Dodged            ||   129

Table legend:
 A = Non-vault XP
 B = Vault XP
 C = Vault XP percentage of total XP
 D = Non-vault monster count
 E = Vault monster count
 F = Vault count percentage of total count
                 A         B        C        D         E       F
            +---------+---------+-------+---------+---------+-------
      Total |      38 |       0 |   0.0 |      22 |       0 |   0.0
            +---------+---------+-------+---------+---------+-------
        D:1 |      38 |       0 |   0.0 |      22 |       0 |   0.0
            +---------+---------+-------+---------+---------+-------
